 Dungeon Crawl Stone Soup version 0.18-a0-185-gabf895a (webtiles) character file.

1899 Proton the Covert (level 8, -1/36 HPs)
             Began as a Spriggan Earth Elementalist on Nov 24, 2015.
             Was a Follower of Cheibriados.
             Killed by divine providence
             ... invoked by an orc priest
              (13 damage)
             ... on level 6 of the Dungeon.
             The game lasted 00:36:18 (7771 turns).

Proton the Covert (Spriggan Earth Elementalist)     Turns: 7771, Time: 00:36:18

Health: -1/36      AC: 12    Str:  7    XL:     8   Next: 93%
Magic:  7/18       EV: 24    Int: 22    God:    Cheibriados [*.....]
Gold:   147        SH:  0    Dex: 19    Spells: 3 memorised, 14 levels left

rFire  . . .     SeeInvis +     f - -1 dagger (curse)
rCold  . . .     Clarity  .     g - +1 robe {MR+}
rNeg   . . .     SustAt   .     (shield restricted)
rPois  .         Gourm    .     (helmet restricted)
rElec  .         Spirit   .     o - +2 cloak {+Inv}
rCorr  .         Warding  .     (gloves unavailable)
rMut   .         Stasis   .     (boots unavailable)
MR     ++...                    r - amulet of inaccuracy (curse)
Stlth  ++++++....               k - ring of stealth
                                n - +6 ring of protection

@: slow, very resistant to hostile enchantments, very stealthy
A: unfitting armour, see invisible, herbivore 3, speed 3, slow metabolism 2
a: Bend Time, Renounce Religion, Evoke Invisibility


You were on level 6 of the Dungeon.
You worshipped Cheibriados.
Cheibriados was aware of your devotion.
You were not hungry.

You visited 1 branch of the dungeon, and saw 6 of its levels.

You collected 262 gold pieces.
You spent 115 gold pieces at shops.

Inventory:

Hand Weapons
 f - a cursed -1 dagger (weapon)
Missiles
 b - 186 stones (quivered)
Armour
 g - a +1 robe of magic resistance (worn)
 o - a +2 cloak of invisibility (worn)
Jewellery
 k - a ring of stealth (right hand)
 n - a +6 ring of protection (left hand)
 r - a cursed amulet of inaccuracy (around neck)
 t - a +4 ring of intelligence
Wands
 i - a wand of confusion (23)
 s - a wand of enslavement (7)
 D - a wand of frost (1)
Scrolls
 a - a scroll of magic mapping {unknown}
 j - 2 scrolls of amnesia {unknown}
 l - a scroll of recharging
 p - 3 scrolls of remove curse {unknown}
 q - 2 scrolls of enchant weapon
 A - a scroll of fear {unknown}
 B - a scroll of blinking
 C - 2 scrolls of enchant armour {unknown}
Potions
 e - 3 potions of brilliance
 h - 4 potions of curing
 m - 2 potions of cure mutation
 u - a potion of invisibility
 v - a potion of berserk rage {unknown}
 w - a potion of lignification {unknown}
 x - a potion of ambrosia {unknown}
 z - a potion of degeneration {unknown}
Books
 c - a book of Geomancy

   Spells                             Type                      Level
   a - Sandblast                      Earth                        1
   b - Stoneskin                      Transmutation/Earth          2
   c - Passwall                       Transmutation/Earth          3
   d - Stone Arrow                    Conjuration/Earth            3
   e - Petrify                        Transmutation/Earth          4
   f - Lee's Rapid Deconstruction     Earth                        5
 y - a Grand Grimoire

   Spells                             Type                      Level
   a - Monstrous Menagerie            Summoning                    6
   b - Summon Greater Demon           Summoning                    7
   c - Malign Gateway                 Summoning/Translocation      7
   d - Summon Horrible Things         Summoning                    8
Comestibles
 d - 3 bread rations
 E - 9 fruits


   Skills:
 - Level 2.0 Short Blades
 + Level 7.9 Dodging
 * Level 10.2 Stealth
 + Level 6.5 Spellcasting
 + Level 5.2 Transmutations
 + Level 5.1 Earth Magic


You had 14 spell levels left.
You knew the following spells:

 Your Spells              Type           Power        Failure   Level  Hunger
a - Sandblast             Erth           ####..       1%          1    None
b - Stone Arrow           Conj/Erth      ###...       12%         3    #......
c - Stoneskin             Trmt/Erth      ####....     1%          2    None


Dungeon Overview and Level Annotations

Branches:
Dungeon (6/15)
 Temple: D:4-7

Altars:
Ashenzari
Cheibriados
Kikubaaqudgha
Makhleb
Vehumet
Xom

Shops:
D:6 %


Innate Abilities, Weirdness & Mutations

You are tiny and cannot use many weapons and most armour.
You have supernaturally acute eyesight.
You are a herbivore.
You cover ground extremely quickly.
You need consume almost no food.


Message History

Confirm with . or Enter, or press ? or * to list all spells.
Aiming: Stone Arrow
Press: ? - help, Shift-Dir - straight line The stone arrow hits the adder zombie.
The adder zombie completely misses you.
The orc priest calls down the wrath of Beogh upon you.
Something smites you! The adder zombie closely misses you.
The orc priest miscasts a cantrip.
The orc warrior completely misses you.
The orc priest calls down the wrath of Beogh upon you.
Something smites you! The adder zombie completely misses you.
The orc priest miscasts a cantrip.
There is an entrance to Ohucseimp's Food Shop here.
The adder zombie closely misses you.
There is a stone staircase leading down here.
The adder zombie completely misses you. The adder zombie bites you.
The orc priest mumbles some strange prayers to Beogh against you.
Something smites you!
You die...

.#...# #..........###......#
.....## #..........###......#
......# ##.........###.......#
......####..............#....##
#....8..oo.8.............#...####
##.......##.(........###......<[#
.....................######.###.#
.............o.Z.......# #.#....
.........#...o.o@.>..#.####......
(....#.#...#........##..#...#....
.....#.............####.#.#.#####
.....#####.....#.#####....#.#
.....# #..............###.#
##.........###.###.#
#...........#.....#
#................##
#..........#.....[#


You could see an orc warrior, an orc priest, 2 orcs and an adder zombie.

Vanquished Creatures
  Sigmund (D:2)
  Edmund (D:6)
  3 ogres
  A phantom (D:4)
  2 giant frogs
  A jelly (D:6)
  3 scorpions (D:4)
  3 crimson imps (D:5)
  4 hounds
  A giant frog zombie (D:3)
  Crazy Yiuf (D:2)
  A centaur skeleton (D:5)
  4 orc wizards
  3 iguanas
  2 worker ants (D:5)
  Robin (D:2)
  4 gnolls (D:3)
  16 adders
  A shadow imp (D:6)
  5 oozes
  4 worms
  6 giant geckos
  27 orcs
  3 ball pythons
  28 goblins
  8 hobgoblins
  11 jackals
  11 kobolds
  4 quokkas
  11 bats
  4 giant cockroaches
  7 giant newts
  A jackal skeleton (D:5)
  A jackal zombie (D:5)
  5 rats
189 creatures vanquished.

Notes
Turn   | Place    | Note
--------------------------------------------------------------
     0 | D:1      | Proton the Spriggan Earth Elementalist began the quest for the Orb.
     0 | D:1      | Reached XP level 1. HP: 9/9 MP: 5/5
   187 | D:1      | Reached XP level 2. HP: 13/13 MP: 1/6
   636 | D:1      | Reached skill level 1 in Short Blades
   653 | D:1      | Reached XP level 3. HP: 11/16 MP: 5/8
   694 | D:1      | Learned a level 3 spell: Stone Arrow
  1155 | D:2      | Noticed Sigmund
  1315 | D:2      | Reached skill level 4 in Stealth
  1699 | D:3      | Reached XP level 4. HP: 21/21 MP: 5/9
  2242 | D:2      | Noticed Robin
  2345 | D:2      | Killed Robin
  2434 | D:2      | Reached skill level 5 in Stealth
  2434 | D:2      | Reached XP level 5. HP: 22/24 MP: 1/11
  3025 | D:2      | Noticed Crazy Yiuf
  3088 | D:2      | Killed Crazy Yiuf
  3218 | D:2      | Learned a level 2 spell: Stoneskin
  3362 | D:2      | Found a snail-covered altar of Cheibriados.
  3370 | D:2      | Became a worshipper of Cheibriados the Contemplative
  3522 | D:3      | Reached skill level 5 in Dodging
  3522 | D:3      | Reached XP level 6. HP: 28/28 MP: 5/13
  3536 | D:3      | Found a shimmering altar of Xom.
  4133 | D:3      | Reached skill level 6 in Stealth
  4726 | D:2      | Killed Sigmund
  4726 | D:2      | Reached XP level 7. HP: 32/32 MP: 1/15
  5003 | D:4      | Reached skill level 7 in Stealth
  5240 | D:4      | Reached skill level 5 in Spellcasting
  5514 | D:4      | Reached skill level 8 in Stealth
  5597 | D:4      | Reached * piety under Cheibriados
  5645 | D:4      | Reached XP level 8. HP: 36/36 MP: 17/17
  5724 | D:5      | Entered Level 5 of the Dungeon
  6133 | D:4      | Reached skill level 9 in Stealth
  6321 | D:5      | Found a radiant altar of Vehumet.
  6322 | D:5      | Found a burning altar of Makhleb.
  6365 | D:5      | Found a shattered altar of Ashenzari.
  6459 | D:5      | Found an ancient bone altar of Kikubaaqudgha.
  6570 | D:6      | Noticed Edmund
  6860 | D:6      | Killed Edmund
  6932 | D:5      | Reached skill level 5 in Transmutations
  7142 | D:6      | Found Ohucseimp's Food Shop.
  7151 | D:6      | Bought 4 fruits for 66 gold pieces
  7151 | D:6      | Bought 3 fruits for 49 gold pieces
  7175 | D:6      | Reached skill level 5 in Earth Magic
  7419 | D:5      | Reached skill level 10 in Stealth
  7771 | D:6      | Killed from afar by an orc priest

Vault maps used:
D:1:      scummos_arrival_gate, serial_bayou, serial_bayou_ford_a,
          serial_bayou_pond_d, serial_bayou_shore_b, serial_bayou_lagoon_a,
          serial_bayou_pond_c, serial_bayou_pond_b,
          minmay_misc_feat_four_crosses
D:2:      lemuel_round_altar, uniq_crazy_yiuf_cottage, uniq_sigmund, uniq_robin
D:3:      nicolae_overflow_crystal_walls, minmay_misc_feat_ornament,
          hangedman_decor_opposing, wad_rectangle_vault
D:4:      kennysheep_the_goblin_king, first_bread
D:5:      grunt_temple_overflow_lords_of_destruction, kennysheep_little_box,
          basic_altar
D:6:      serial_shops, shop_statue, uniq_edmund

Action                   |  1- 3 |  4- 6 |  7- 9 || total
-------------------------+-------+-------+-------++-------
Melee: Unarmed           |     3 |       |       ||     3
       Dagger            |   108 |   278 |   588 ||   974
 Cast: Sandblast         |    30 |    80 |    46 ||   156
       Stone Arrow       |     5 |    33 |    84 ||   122
       Stoneskin         |       |     1 |     2 ||     3
  Use: Scroll            |       |       |     9 ||     9
 Stab: Sleeping          |     5 |     3 |    19 ||    27
  Eat: Royal jelly       |       |     1 |       ||     1
       Pizza             |       |     1 |       ||     1
       Bread ration      |       |     1 |       ||     1
       Fruit             |       |       |     4 ||     4
